 Dungeon Crawl Stone Soup version 0.28.0-53-g5a82cb258f (webtiles) character file.

Game seed: 12287143569437045998

50 styxcanada the Sneak (level 3, -1/18 HPs)
             Began as a Spriggan Brigand on Aug 8, 2022.
             Slain by Sigmund
             ... wielding a +3 scythe
              (8 damage)
             ... on level 2 of the Dungeon.
             The game lasted 00:04:06 (1264 turns).

styxcanada the Sneak (Spriggan Brigand)             Turns: 1264, Time: 00:04:06

Health: -1/18      AC:  3    Str:  7    XL:     3   Next: 55%
Magic:  4/4        EV: 17    Int: 12    God:
Gold:   18         SH:  0    Dex: 18    Spells: 1/2 levels left

rFire   . . .      SeeInvis +   a - +2 dagger
rCold   . . .      Faith    .   (no shield)
rNeg    . . .      Spirit   .   b - +0 robe
rPois   .          Reflect  .   (helmet restricted)
rElec   .          Harm     .   c - +0 cloak
rCorr   .          Rampage  .   (gloves unavailable)
Will    .....                   (boots unavailable)
Stlth   ++........              (no amulet)
HPRegen 0.06/turn               (no ring)
MPRegen 0.09/turn               (no ring)

@: confused, very quick
A: very small, no large weapons, unfitting armour, see invisible, speed 3
a: no special abilities


You were on level 2 of the Dungeon.
You visited 1 branch of the dungeon, and saw 2 of its levels.

You collected 18 gold pieces.

Inventory:

Hand Weapons
 a - a +2 dagger (weapon)
Missiles
 f - 61 stones (quivered)
Armour
 b - a +0 robe (worn)
 c - a +0 cloak (worn)
Scrolls
 g - a scroll of immolation {unknown}
Potions
 i - a potion of magic {unknown}
 j - a potion of might {unknown}


   Skills:
 * Level 1.7 Fighting
 + Level 2.3 Short Blades
 + Level 2.1 Throwing
 * Level 2.1 Dodging
 * Level 7.5 Stealth


You had one spell level left.
You knew the following spells:

 Your Spells              Type           Power      Damage    Failure   Level
a - Magic Dart            Conj           0%         1d3       32%         1

Your spell library contained the following spells:

 Spells                   Type           Power      Damage    Failure   Level
 Searing Ray              Conj           0%         2d4       45%         2
 Fulminant Prism          Conj/Hex       0%         3d6       97%         4


Dungeon Overview and Level Annotations

Branches:
Dungeon (2/15)

Altars:

Annotations:
D:2 Sigmund


Innate Abilities, Weirdness & Mutations

You are very small and have problems with some larger weapons.
You are too small for most types of armour.
You have supernaturally acute eyesight. (SInv)
You cover ground extremely quickly. (Speed+++)


Message History

A frilled lizard comes into view.
Sigmund says, "Look into my eyes."
Sigmund points at you and mumbles some strange words.
You resist with some effort.
Sigmund laughs darkly.
The frilled lizard hisses angrily.
You miss the frilled lizard. The frilled lizard closely misses you.
You barely miss the frilled lizard.
You punch the frilled lizard, but do no damage.
The frilled lizard barely misses you.
You closely miss the frilled lizard. Sigmund misses you.
The frilled lizard barely misses you.
You closely miss the frilled lizard. Your punch misses the frilled lizard.
Sigmund gestures at you while chanting. You resist with some effort.
You hit the frilled lizard.
The frilled lizard is heavily wounded.
The frilled lizard barely misses you. Sigmund closely misses you.
You hit the frilled lizard.
You kill the frilled lizard!
Sigmund gestures at you while chanting. You resist with some effort.
Throw: 62 stones
Press: ? - help, Q - select action, (/) - cycle Shift-Dir - straight line, f - Sigmund
Aim: Sigmund, wielding a +3 scythe and wearing a +0 robe (fast, 58% to hit)
You throw a stone. The stone hits Sigmund.
Sigmund is lightly wounded.
Sigmund misses you.
Found a mace and a scroll labelled KUQOXER CYPTY.
Sigmund casts a spell at you. You resist with some effort.
Sigmund casts a spell at you. The magic dart hits you!
Found a hand axe.
Sigmund casts a spell at you.
You are confused.
Sigmund is no longer moving quickly.
You're too confused to move!
Sigmund hits you with a +3 scythe!
You die...

#.#########
#............
#............
#............
#.......)....
##......?....
#...........
#..@........
#..@........
#...........
####........
#####
#####.... ##
#...### )..
.###....###
..
.##(.#.)##. .
.#.@##..#..
.#..###....


You could see Sigmund.

Vanquished Creatures
  Jessica (D:2)
  A worm (D:2)
  3 dart slugs
  An endoplasm (D:1)
  A goblin (D:1)
  A hobgoblin (D:1)
  2 quokkas (D:2)
  2 bats (D:1)
  A frilled lizard (D:2)
  2 kobolds (D:1)
  A rat (D:2)
16 creatures vanquished.

Notes
Turn   | Place    | Note
-------+----------+-------------------------------------------
     0 | D:1      | styxcanada the Spriggan Brigand began the quest for the
                  | Orb.
     0 | D:1      | Reached XP level 1. HP: 10/10 MP: 2/2
    53 | D:1      | Reached skill level 6 in Stealth
   412 | D:1      | Reached XP level 2. HP: 12/14 MP: 3/3
  1015 | D:1      | Found a faded altar of an unknown god.
  1074 | D:2      | Noticed Jessica
  1095 | D:2      | Killed Jessica
  1096 | D:2      | Reached skill level 7 in Stealth
  1096 | D:2      | Reached XP level 3. HP: 18/18 MP: 4/4
  1150 | D:2      | Learned a level 1 spell: Magic Dart
  1176 | D:2      | Noticed Sigmund
  1264 | D:2      | Slain by Sigmund

Illustrated notes

Levels and vault maps discovered:
D:1:      saegor_arrival_simple_b, layout_basic,
          hellmonk_ecumenical_altar_leap_of_faith
D:2:      layout_basic, st_stairs_10, hangedman_glass_teeth,
          minmay_goblin_outpost, uniq_sigmund, uniq_jessica, uniq_robin

Skill      XL: |  1  2 |
---------------+-------+-----
Stealth        | 6 7 |  7.5
Dodging        | 2 |  2.1
Fighting       | |  1.7
Short Blades   | |  2.3
Throwing       | |  2.1

Action                   || total
-------------------------++-------
Melee: Dagger            ||    55
       Punch             ||     3
Throw: Dart              ||    14
       Stone             ||     2
  Use: Potion            ||     1
 Stab: Sleeping          ||     4
Armor: Robe              ||     5
Dodge: Dodged            ||    39
